 Dungeon Crawl Stone Soup version 0.26-a0-504-g0cf647090d (webtiles) character file.

Game seed: 3207290106270709385

18 Ge0ff the Ruffian (level 2, -1/23 HPs)
             Began as a Barachi Warper on Aug 8, 2020.
             Succumbed to a water moccasin's poison
             ... on level 4 of the Dungeon.
             The game lasted 00:02:02 (223 turns).

Ge0ff the Ruffian (Barachi Warper)                   Turns: 223, Time: 00:02:03

Health: -1/23      AC:  4    Str: 12    XL:     2   Next: 70%
Magic:  5/5        EV: 12    Int: 13    God:
Gold:   0          SH:  0    Dex: 11    Spells: 5/5 levels left

rFire    . . .     SeeInvis .     - Unarmed
rCold    . . .     Faith    .   (no shield)
rNeg     . . .     Spirit   .   a - +0 leather armour
rPois    .         Reflect  .   (no helmet)
rElec    .         Harm     .   (no cloak)
rCorr    .                      (no gloves)
MR       .....                  C - +0 pair of boots
Stlth    +.........             (no amulet)
HPRegen  0.07/turn              (no ring)
MPRegen  0.09/turn              (no ring)

@: lethally poisoned (-1 -> -21), can't hop, stab, slow
A: +LOS, swims, slowness 1, strong legs 1
a: Hop


You were on level 4 of the Dungeon.
You visited 1 branch of the dungeon, and saw 4 of its levels.

Inventory:

Missiles
 d - 5 boomerangs of dispersal {don't train}
 D - 8 javelins (quivered) {don't train}
 F - 13 poisoned darts {don't train}
Armour
 a - a +0 leather armour (worn)
 C - a +0 pair of boots (worn)
Scrolls
 B - a scroll of blinking


   Skills:
 - Level 2.4 Fighting
 - Level 1.0 Throwing
 - Level 1.2 Armour
 - Level 2.1 Dodging
 + Level 3.5 Unarmed Combat
 - Level 2.1 Spellcasting
   Level 3.2 Translocations


You had 5 spell levels left.
You didn't know any spells.
Your spell library contained the following spells:

 Spells                   Type           Power        Failure   Level
 Blink                    Tloc           N/A          12%         2
 Gell's Gravitas          Tloc           #.........   24%         3
 Lesser Beckoning         Tloc           #.........   24%         3
 Teleport Other           Tloc           #.......     24%         3
 Passage of Golubria      Tloc           N/A          63%         4


Dungeon Overview and Level Annotations

Branches:
Dungeon (4/15)
 Temple: D:4-7

Altars:

Shops:
D:4 *

Annotations:
D:2 Robin


Innate Abilities, Weirdness & Mutations

You can be seen from farther away. (+LOS)
You can swim through water.
You cover ground slowly.
You can hop short distances.


Message History

Press: ? - help, Dir - move target cursor, f - you
Okay, then.
You closely miss the water moccasin. The water moccasin bites you!
The adder closely misses you.
Use which ability? (? or * to list)
Press: ? - help, Dir - move target cursor Boing!
The water moccasin bites you but does no damage.
The adder bites you.
* * * LOW HITPOINT WARNING * * *
You are lethally poisoned!
The adder poisons you! The adder bites you.
* * * LOW HITPOINT WARNING * * *
The water moccasin bites you.
* * * LOW HITPOINT WARNING * * *
You are more poisoned.
The water moccasin poisons you!
It was a potion of stabbing.
You feel ready to backstab.
You die...

##..####...#
#........#
#........# +##
#..###...# ..#
....## #...# ∩.#
....# ##..## ..#
##..# #...#
###'# #..#
#...####...# ##.
#....##.@S##
##.......SS#
#.........°#
......##......#
.###..###......#
##. #...##.# #.
#[..##..# #.
#..####.# ##
#..# .#


You could see a water moccasin and 2 adders.

Vanquished Creatures
  An orc (D:3)
  2 giant cockroaches
  3 goblins
  A hobgoblin (D:3)
  3 jackals (D:3)
  2 kobolds (D:3)
  2 bats (D:3)
14 creatures vanquished.

Notes
Turn   | Place    | Note
-------+----------+-------------------------------------------
     0 | D:1      | Ge0ff the Barachi Warper began the quest for the Orb.
     0 | D:1      | Reached XP level 1. HP: 17/17 MP: 3/3
    69 | D:2      | Noticed Robin
    81 | D:3      | Reached XP level 2. HP: 23/23 MP: 5/5
   217 | D:4      | Found Keer Rimm's Serpentskin Sales.
   217 | D:4      | Noticed a water moccasin
   222 | D:4      | HP: 1/23 [water moccasin (1)]
   223 | D:4      | Succumbed to a water moccasin's poison

Illustrated notes

Levels and vault maps discovered:
D:1:      zelgadis_glass_arrival_small, layout_loops_ring
D:2:      layout_rooms, chequers_ecumenical_altar_simple, uniq_robin
D:3:      minmay_bubble_buster, layout_basic
D:4:      layout_layer_cave, guppyfry_shop_venom

Skill      XL: |  1 |
---------------+----+-----
Unarmed Combat | 3 |  3.5
Fighting       | |  2.4
Throwing       | |  1.0
Armour         | |  1.2
Dodging        | |  2.1
Spellcasting   | |  2.1
Translocations | |  3.2

Action                   || total
-------------------------++-------
Melee: Unarmed           ||    50
       Punch             ||     1
Throw: Javelin           ||     3
 Abil: Hop               ||     1
  Use: Potion            ||     1
Armor: Leather armour    ||    18
Dodge: Dodged            ||    45

Table legend: (Time is in decaauts)
 A = Elapsed time spent in this place.
 B = Non-inter-level travel time spent in this place.
 C = Inter-level travel time spent in this place.
 D = Time resting spent in this place.
 E = Time spent auto-exploring this place.
 F = Levels seen in this place.
 G = Mean time per level.
                   A        B        C        D        E       F      G
               +--------+--------+--------+--------+--------+-----+--------+
         Total |    249 |    249 |      0 |      0 |      0 |   4 |   62.2 |
       Dungeon |    249 |    249 |      0 |      0 |      0 |   4 |   62.2 |
               +--------+--------+--------+--------+--------+-----+--------+

Top non-repeatable levels by time:
     D:3: 122 daAuts
     D:1: 62 daAuts
     D:4: 45 daAuts
     D:2: 18 daAuts
